 Dungeon Crawl Stone Soup version 0.22.1-1-ga44c0e5 (webtiles) character file.

63 Velaskes the Grave Robber (level 4, -1/33 HPs)
             Began as a Ghoul Necromancer on Nov 2, 2018.
             Slain by an orc
             ... wielding a +0 short sword
              (2 damage)
             ... on level 3 of the Dungeon.
             The game lasted 00:11:01 (2812 turns).

Velaskes the Grave Robber (Ghoul Necromancer)       Turns: 2812, Time: 00:11:01

Health: -1/33      AC:  3    Str:  8 (11) XL:     4   Next: 10%
Magic:  4/6        EV: 12    Int:  8 (11) God:
Gold:   90         SH:  0    Dex:  6 (9)  Spells: 6/7 levels left

rFire    . . .     SeeInvis .   (no weapon)
rCold    + . .     Gourm    .   (no shield)
rNeg     + + +     Faith    .   a - +0 robe
rPois    ∞         Spirit   .   (no helmet)
rElec    .         Reflect  .   d - +0 cloak
rCorr    .         Harm     .   (no gloves)
MR       .....                  (no boots)
Stlth    ++........             (no amulet)
HPRegen  0.00/turn              (no ring)
MPRegen  0.10/turn              (no ring)

@: very slightly contaminated, rotting
A: rotting body, claws 1, carnivore, cold resistance 1, negative energy
resistance 3, inhibited regeneration, torment resistance, unbreathing
a: no special abilities


You were on level 3 of the Dungeon.
You were not hungry.

You visited 1 branch of the dungeon, and saw 3 of its levels.

You collected 90 gold pieces.

Inventory:

Armour
 a - a +0 robe (worn)
 d - a +0 cloak (worn)
 h - a +0 robe
 i - a +0 ring mail
 o - a +0 robe
Scrolls
 e - 2 scrolls of identify
 j - a scroll of enchant armour
 n - a scroll of noise {unknown}
Potions
 b - a potion of lignification
Comestibles
 c - 4 rations


   Skills:
 + Level 0.1 Fighting
 + Level 2.1 Dodging
 + Level 2.2 Stealth
 + Level 0.2 Unarmed Combat
 + Level 2.4 Spellcasting
 + Level 4.8 Necromancy


You had 6 spell levels left.
You knew the following spells:

 Your Spells              Type           Power        Failure   Level  Hunger
a - Pain                  Necr           #...         4%          1    ##.....

Your spell library contained the following spells:

 Spells                   Type           Power        Failure   Level  Hunger
 Animate Skeleton         Necr           N/A          4%          1    ##.....
 Vampiric Draining        Necr           #.........   14%         3    ####...
 Regeneration             Chrm/Necr      #.........   36%         3    ####...
 Animate Dead             Necr           N/A          43%         4    #####..


Dungeon Overview and Level Annotations

Branches:
Dungeon (3/15)

Altars:
Zin

Shops:
D:2 *


Innate Abilities, Weirdness & Mutations

Your body is rotting away.
You thrive on raw meat.
You are immune to poison.
You have sharp fingernails.
You are carnivorous and can eat meat at any time.
Your flesh is cold resistant. (rC+)
You are immune to negative energy. (rN+++)
You do not regenerate when monsters are visible.
You are immune to unholy pain and torment.
You can survive without breathing.


Message History

Casting: Pain (safe; 4% risk of failure)
Confirm with . or Enter, or press ? or * to list all spells.
Aiming: Pain (safe; 4% risk of failure)
Press: ? - help, Shift-Dir - straight line, f/p - orc
Aim: an orc, wielding a mace (heavily wounded, chance to defeat MR: 73%)
You miscast Pain.
Nothing appears to happen.
The orc barely misses you. The orc closely misses you. The orc misses you.
Okay, then.
You feel better. The orc barely misses you. The orc misses you.
The orc hits you with a short sword.
It was a potion of lignification.
You feel woody for a moment. The orc hits you but does no damage.
The orc misses you. The orc hits you with a short sword.
* * * LOW HITPOINT WARNING * * *
You barely miss the orc.
The orc is heavily wounded.
The orc hits you.
* * * LOW HITPOINT WARNING * * *
The orc hits you with a short sword.
You die...

#..........#
#..........#
#..........#
#..........# ##
#....(.)...# ..
#.......>..#
#####.##..........#
.......<..........#
###...##..o@o.....#
..... ####o#######
###. #.# # ..# ###


You could see 3 orcs.

Vanquished Creatures
  An adder (D:2)
  An ooze (D:1)
  A dart slug (D:1)
  4 leopard geckos
  2 orcs (D:3)
  A giant cockroach (D:2)
  7 goblins
  3 hobgoblins (D:1)
  5 kobolds
  A quokka (D:2)
  A ball python (D:1)
  6 bats
  2 frilled lizards
  4 rats
39 creatures vanquished.

Notes
Turn   | Place    | Note
-------+----------+-------------------------------------------
     0 | D:1      | Velaskes the Ghoul Necromancer began the quest for the Orb.
     0 | D:1      | Reached XP level 1. HP: 14/14 MP: 2/2
   298 | D:1      | Reached XP level 2. HP: 11/19 MP: 1/3
   691 | D:1      | Reached XP level 3. HP: 14/26 MP: 1/5
  1211 | D:1      | You fall through a shaft!
  1537 | D:2      | Found Zin's Purification Station.
  1541 | D:2      | Found a glowing silver altar of Zin.
  1634 | D:2      | Reached XP level 4. HP: 33/33 MP: 3/6
  2812 | D:3      | HP: 1/33 [orc (5)]
  2812 | D:3      | Slain by an orc

Skill      XL: |  1  2 |
---------------+-------+-----
Spellcasting   | 2 |  2.4
Dodging        | 2 |  2.1
Fighting       | |  0.1
Stealth        | |  2.2
Unarmed Combat | |  0.2
Necromancy     | |  4.8

Action                   |  1- 3 |  4- 6 || total
-------------------------+-------+-------++-------
Melee: Unarmed           |    68 |    13 ||    81
 Cast: Pain              |    51 |    13 ||    64
  Use: Scroll            |     1 |     4 ||     5
       Potion            |     3 |     7 ||    10
  Eat: Chunk             |     8 |     3 ||    11
Armor: Robe              |    19 |     2 ||    21
Dodge: Dodged            |    61 |    21 ||    82
